Map: Romanticide LE

Players

TIME (Oliveira)

  • Race: Terran Terran

DPGDark (Dark) - Winner!

  • Race: Zerg Zerg
  • League: Master

Event: DreamHack SC2 Masters 2021 Fall

VOD

Have the link to the VOD?

Description

Time

  • Played on: Sept. 9, 2021, 10:56 a.m.
  • Length: 24:28

All games in this series

Show
View Real Time Build Order
Export as new Build Order

TIME Terran 

Build Orders: Reaper Expand 

Get SALT Encoding   

  12  0:00  SCV  
  13  0:12  SCV  
  14  0:17  Supply Depot  
  14  0:25  SCV  
  15  0:39  SCV  
  15  0:40  Barracks  
  16  0:43  Refinery  
  16  0:51  SCV  
  17  1:03  SCV  
  18  1:15  SCV  
  19  1:27  Reaper, Orbital Command  
  20  1:39  Command Center  
  20  1:49  Supply Depot  
  20  1:53  SCV  
  21  1:59  Marine  
  22  2:05  SCV  
  23  2:12  Factory  
  23  2:17  SCV  
  23  2:21  Barracks Reactor  
  24  2:29  SCV  
  25  2:41  Command Center  
  25  2:42  SCV  
  26  2:51  Orbital Command  
  26  2:55  SCV  
  27  3:00  Barracks  
  27  3:08  SCV  
  27  3:12  Hellion x2  
  32  3:15  Barracks Tech Lab  
  32  3:17  SCV  
  33  3:22  Refinery  
  33  3:23  SCV  
  34  3:29  SCV  
  35  3:35  SCV  
  35  3:36  Hellion x2  
  35  3:37  Marine  
  41  3:41  SCV, Stimpack  
  41  3:47  SCV  
  43  3:53  SCV, Orbital Command  
  44  3:56  Marine  
  44  3:59  SCV  
  44  4:01  Starport  
  46  4:03  Marine  
  46  4:04  Marine  
  46  4:06  Factory Reactor  
  46  4:07  SCV  
  49  4:11  SCV  
  49  4:12  Refinery  
  49  4:16  Supply Depot  
  50  4:19  Marine, SCV  
  50  4:21  SCV  
  50  4:23  Marine, SCV  
  55  4:27  Marine  
  57  4:31  SCV  
  57  4:37  Marine  
  57  4:38  Supply Depot  
  58  4:42  SCV  
  58  4:43  Marine, Refinery, Armory  
  60  4:47  Medivac x2  
  60  4:48  SCV  
  60  4:52  Marine  
  66  4:54  Supply Depot  
  66  4:55  Marine, SCV x2  
  69  5:00  SCV  
  69  5:04  Marine, Supply Depot  
  73  5:07  SCV  
  73  5:10  Factory Tech Lab  
  73  5:12  Orbital Command  
  72  5:15  Marine, SCV  
  72  5:16  Engineering Bay  
  72  5:17  Engineering Bay  
  72  5:19  SCV  
  75  5:22  Factory  
  75  5:27  Starport Reactor  
  75  5:28  SCV, Barracks  
  76  5:30  Marine  
  76  5:31  SCV  
  76  5:32  Marine  
  76  5:34  Widow Mine, Drilling Claws  
  76  5:35  Supply Depot  
  81  5:38  Combat Shield  
  81  5:43  Marine  
  81  5:46  SCV  
  81  5:47  Marine, SCV  
  81  5:49  SCV  
  86  5:50  Marine  
  87  5:57  Terran Infantry Armor Level 1, Terran Infantry Weapons Level 1  
  87  5:59  SCV, Hellion x2  
  87  6:00  Hellion x2  
  87  6:01  Marine, SCV x2, Supply Depot  
  87  6:03  Widow Mine  
  93  6:05  Medivac  
  93  6:08  Widow Mine  
  99  6:11  Widow Mine  
  99  6:12  Medivac  
  99  6:14  SCV  
  101  6:19  Supply Depot  
  101  6:22  Marine x2  
  101  6:23  SCV  
  101  6:25  Barracks Reactor  
  104  6:28  SCV x2  
  104  6:31  Widow Mine  
  108  6:34  Marine  
  108  6:36  Supply Depot  
  109  6:40  Widow Mine  
  109  6:43  Supply Depot, Missile Turret x2  
  109  6:45  SCV  
  109  6:46  Missile Turret  
  112  6:48  Marine, Widow Mine  
  112  6:49  SCV  
  112  6:53  Barracks  
  112  6:54  Barracks  
  116  6:58  Medivac x2  
  116  7:00  Marine, Supply Depot  
  121  7:07  Widow Mine x2  
  125  7:09  SCV x2  
  125  7:10  Refinery  
  125  7:15  Marine  
  128  7:20  SCV  
  127  7:29  Marine  
  124  7:31  Marine  
  124  7:36  Marine  
  123  7:39  Marine  
  123  7:42  SCV  
  123  7:43  SCV  
  126  7:44  SCV  
  126  7:47  Command Center  
  126  7:49  Barracks x2  
  126  7:50  Barracks  
  126  7:51  Barracks Reactor  
  127  7:52  Barracks Reactor, Missile Turret  
  127  7:53  Missile Turret  
  127  7:56  Marine x3  
  127  7:57  SCV  
  127  7:58  Thor, Terran Infantry Weapons Level 2  
  135  8:02  Widow Mine  
  135  8:04  Marine, Widow Mine  
  138  8:07  SCV  
  138  8:10  Marine  
  134  8:16  Refinery  
  134  8:18  SCV x2  
  134  8:19  Supply Depot x2  
  136  8:21  Marine x2  
  140  8:27  Widow Mine  
  140  8:33  Terran Vehicle And Ship Armor Level 1  
  140  8:35  SCV  
  140  8:37  Barracks Tech Lab  
  140  8:40  Marine x2, Marauder  
  140  8:41  Widow Mine, Barracks Tech Lab  
  143  8:43  Thor  
  143  8:48  Barracks Tech Lab  
  145  8:50  SCV x2  
  145  8:53  SCV  
  145  8:55  Marine x2  
  150  8:58  Sensor Tower, Widow Mine  
  150  9:02  Marauder x3  
  158  9:04  Marine x2  
  158  9:05  Marine  
  158  9:06  Concussive Shells, Widow Mine  
  158  9:08  Medivac  
  158  9:09  Medivac, Missile Turret  
  167  9:10  SCV x2  
  167  9:12  Marine  
  170  9:17  Marine  
  170  9:20  Planetary Fortress  
  170  9:23  Marine  
  172  9:25  Marauder  
  172  9:27  Marine, Marauder  
  172  9:37  Marauder  
  172  9:39  Engineering Bay  
  172  9:44  Marine x2  
  172  9:57  Marine x5, Marauder x2, Command Center  
  172  9:58  Marauder  
  183  10:03  Marine  
  183  10:12  Marine x3  
  183  10:13  Widow Mine x2  
  183  10:14  Terran Infantry Armor Level 2  
  179  10:15  Marine, Thor  
  179  10:19  Sensor Tower, Marauder  
  188  10:31  Engineering Bay  
  188  10:32  Terran Infantry Weapons Level 3  
  188  10:38  Supply Depot x2  
  188  10:55  Marine x2, Supply Depot x2  
  188  10:57  Marine  
  188  10:58  Marine x2, Marauder  
  188  10:59  Marauder  
  175  11:04  Marine x4  
  175  11:07  Marine  
  165  11:13  Marine x2  
  165  11:15  Marine x3  
  165  11:16  Thor, Widow Mine x2  
  165  11:18  Medivac x2  
  150  11:20  Marauder  
  150  11:21  Marauder  
  150  11:22  Marine x2  
  140  11:26  Marine  
  140  11:27  Terran Vehicle And Ship Armor Level 2  
  140  11:31  Marine  
  140  11:36  Marine  
  140  11:38  Marine x3  
  144  11:41  Missile Turret  
  144  11:42  Marauder x2  
  144  11:43  Marine x2, Marauder  
  144  11:44  Missile Turret  
  144  11:45  Widow Mine x2, Missile Turret  
  144  11:46  SCV x2  
  158  11:48  Marine  
  158  11:49  Marine  
  158  11:52  Marine  
  161  11:56  Marine, Missile Turret  
  161  11:57  Planetary Fortress  
  161  11:59  SCV x3  
  161  12:00  Marine  
  161  12:01  Marine  
  167  12:06  Marine x2  
  167  12:07  Marine x2, Marauder  
  173  12:15  Marine x3  
  173  12:16  Marauder x2  
  173  12:18  Marine  
  177  12:24  Marine  
  177  12:28  Marauder  
  177  12:29  Marine  
  180  12:32  Marine  
  180  12:34  Marine x3, Marauder  
  180  12:35  Thor, Widow Mine  
  180  12:36  Widow Mine  
  191  12:37  Marauder x2  
  187  12:53  Command Center  
  187  12:56  Marine x2  
  187  12:57  Marauder  
  187  12:58  Widow Mine x2  
  191  12:59  Liberator x2  
  191  13:05  Terran Infantry Armor Level 3  
  196  13:36  Supply Depot x2, Command Center  
  196  13:39  Command Center  
  195  13:50  Marauder  
  195  13:53  Marine  
  195  13:57  Marine x5  
  200  14:04  Marine  
  200  14:05  Marine, Liberator  
  200  14:11  Marine  
  200  14:12  Marauder  
  200  14:13  Marine  
  200  14:14  Marine  
  200  14:15  Marine x4  
  193  14:22  Marine x2  
  193  14:23  Thor, Widow Mine x2  
  185  14:24  Medivac  
  185  14:30  Marine  
  185  14:31  Marine, Marauder  
  177  14:32  Marauder  
  177  14:33  Marauder  
  177  14:34  Marine x2  
  177  14:36  SCV x4  
  164  14:43  Marine x2  
  164  14:44  Marine x2  
  164  14:45  Marauder  
  161  14:46  Widow Mine x2  
  161  14:48  SCV x2, Medivac  
  161  14:52  Command Center x2  
  166  14:53  Marine  
  166  14:54  Marine x2, Marauder x2  
  166  14:59  Missile Turret  
  173  15:00  Marine x2, Missile Turret  
  173  15:01  Marauder, Missile Turret  
  173  15:03  Missile Turret  
  173  15:06  Marine x2  
  173  15:07  Marauder  
  181  15:13  Marine  
  180  15:14  Widow Mine  
  180  15:15  Widow Mine, Planetary Fortress  
  180  15:16  Marauder  
  180  15:17  SCV x2  
  182  15:26  Marine x3  
  182  15:27  Marauder  
  182  15:28  Medivac x2  
  190  15:31  Marine  
  190  15:32  Marine  
  190  15:33  Marine x2  
  190  15:35  Thor  
  195  15:43  Marine  
  195  15:48  Marine  
  195  15:49  Marine x2  
  190  16:02  Marine x3  
  190  16:03  Marine  
  174  16:05  Widow Mine x2  
  174  16:06  Medivac x2  
  174  16:09  Marine  
  174  16:10  Marine x2  
  168  16:16  Marine  
  168  16:17  Marine  
  167  16:19  Marine x2  
  167  16:23  Marine  
  161  16:26  Marine x2  
  161  16:27  Marine  
  164  16:36  Marine  
  164  16:37  Marine x2  
  164  16:38  Widow Mine  
  168  16:42  Widow Mine, Medivac  
  168  16:43  Medivac  
  163  16:48  Factory Tech Lab  
  163  16:53  SCV  
  155  16:57  Marine  
  155  16:59  Marine  
  152  17:02  Widow Mine  
  152  17:04  Marine x2  
  152  17:07  Marine  
  151  17:09  Thor  
  151  17:10  Marine, Widow Mine  
  151  17:12  Marine x3  
  151  17:13  Marauder  
  161  17:18  Marine  
  161  17:20  SCV  
  161  17:21  Marine x2  
  165  17:26  Widow Mine  
  165  17:28  Marine x2  
  165  17:29  Marine  
  170  17:33  SCV  
  170  17:34  SCV  
  170  17:35  SCV  
  172  17:37  Supply Depot  
  172  17:38  Supply Depot  
  172  17:47  Marine  
  172  17:48  Marine  
  172  17:51  Marine x2  
  151  17:52  Marauder  
  129  18:00  Marine  
  129  18:02  Marine  
  129  18:04  Marine x3  
  129  18:05  Marine  
  117  18:06  Marine  
  117  18:08  Marine  
  117  18:09  Marine  
  117  18:11  Widow Mine  
  117  18:12  Widow Mine x2  
  120  18:15  Marine x2  
  120  18:16  Marine  
  120  18:18  Marine  
  115  18:21  Marine x2  
  115  18:24  Medivac  
  115  18:26  Medivac  
  121  18:29  SCV x2  
  121  18:30  Orbital Command  
  121  18:31  Marine  
  121  18:33  Marine  
  125  18:35  Marine  
  125  18:37  Marine  
  125  18:39  Marine  
  125  18:41  Marine  
  128  18:42  Marine  
  128  18:45  SCV  
  131  18:49  Marine x3  
  131  18:54  Marine  
  128  18:56  Marine x3  
  130  19:03  Marine x2  
  130  19:07  Marine x2  
  132  19:15  SCV x2  
  132  19:16  Marine  
  134  19:20  Marine  
  134  19:24  Marine  
  135  19:30  Supply Depot  
  135  19:32  Orbital Command  
  121  20:07  Missile Turret x2  
  121  20:08  Missile Turret  
  121  20:11  Marine x4  
  121  20:14  Marine  
  124  20:17  Missile Turret  
  124  20:18  Thor  
  124  20:19  Medivac  
  132  20:27  Marine  
  132  20:29  Marine, Widow Mine, Missile Turret  
  132  20:30  Missile Turret  
  132  20:40  Medivac  
  132  20:53  Marine  
  132  20:54  Marine  
  132  20:55  Marine, SCV  
  132  20:56  Marine, SCV  
  132  21:01  SCV  
  132  21:03  Marine  
  131  21:09  Supply Depot  
  131  21:10  Supply Depot  
  92  21:25  Marine  
  92  21:30  SCV  
  98  21:37  Thor  
  98  21:44  Marine  
  98  21:45  Marine  
  90  21:56  Marine  
  90  21:57  Marine  
  90  21:59  Marine  
  88  22:14  Marine x2  
  88  22:15  Marine  
  76  22:16  Marine  
  76  22:21  Marine  
  59  22:23  Marine  
  55  22:32  Marine  
  55  22:34  Marine  
  55  22:41  Marine  
  56  22:48  Orbital Command  
  54  22:52  Marine  
  55  23:11  Marine  
  54  23:15  Marine x2  
  54  23:30  Marine  
  55  23:39  Missile Turret  
  55  23:43  Marine  
  55  23:47  Marine  
  47  23:57  Marine  
  47  24:01  Marine  
Show
View Real Time Build Order
Export as new Build Order

DPGDark Zerg - Winner!

Build Orders: Hatch First, Muta Ling Bane 

Get SALT Encoding   

  12  0:00  Drone  
  13  0:12  Overlord  
  13  0:17  Drone  
  14  0:30  Drone x2  
  16  0:47  Hatchery  
  15  0:51  Drone  
  15  0:56  Drone  
  17  0:59  Drone  
  18  1:11  Extractor  
  17  1:15  Spawning Pool  
  16  1:18  Drone  
  16  1:21  Drone  
  18  1:28  Drone  
  19  1:39  Drone  
  20  1:52  Drone  
  21  2:01  Queen  
  21  2:02  Queen  
  21  2:03  Zergling x4  
  27  2:11  Zergling x2  
  28  2:17  Hatchery  
  28  2:22  Drone  
  28  2:25  Overlord  
  28  2:42  Queen  
  28  2:44  Drone x4  
  34  2:50  Metabolic Boost  
  34  2:53  Overlord  
  34  2:58  Drone  
  34  2:59  Drone  
  34  3:05  Overlord  
  36  3:12  Drone x3  
  39  3:13  Drone  
  39  3:16  Drone  
  41  3:20  Queen  
  41  3:22  Drone  
  44  3:27  Drone  
  44  3:30  Queen  
  47  3:34  Overlord  
  47  3:36  Drone  
  47  3:38  Drone  
  49  3:45  Lair  
  49  3:47  Drone  
  50  3:48  Extractor  
  50  3:49  Drone x2  
  50  3:51  Drone  
  50  3:52  Drone  
  53  3:57  Queen  
  53  3:59  Drone  
  53  4:01  Drone  
  53  4:02  Drone  
  58  4:05  Drone  
  58  4:06  Drone  
  58  4:09  Drone  
  61  4:11  Overlord  
  61  4:19  Extractor, Queen  
  61  4:20  Extractor, Baneling Nest  
  61  4:22  Drone  
  61  4:23  Drone  
  62  4:27  Drone x2  
  62  4:28  Drone  
  62  4:30  Drone  
  66  4:34  Drone x3  
  66  4:36  Drone  
  66  4:37  Drone  
  70  4:42  Drone x2  
  70  4:43  Drone  
  73  4:49  Spire  
  73  4:50  Drone  
  73  4:51  Overlord  
  73  4:55  Overlord  
  73  4:57  Overlord  
  73  5:03  Overlord  
  73  5:06  Extractor x2, Drone  
  73  5:07  Drone  
  73  5:09  Drone  
  73  5:10  Drone x4  
  73  5:11  Drone  
  79  5:14  Centrifical Hooks  
  79  5:16  Drone  
  79  5:19  Drone x2  
  79  5:20  Drone  
  83  5:26  Zergling x4  
  85  5:31  Zergling x10  
  85  5:34  Zergling x6  
  85  5:35  Baneling x5  
  93  5:40  Zergling x4  
  95  5:44  Zergling x8  
  95  5:48  Baneling x4  
  99  5:52  Drone, Overlord  
  99  5:53  Drone  
  99  5:55  Evolution Chamber  
  99  5:56  Evolution Chamber  
  99  5:59  Overlord  
  99  6:02  Mutalisk x3  
  99  6:03  Zerg Flyer Weapons Level 1  
  105  6:05  Overlord  
  105  6:11  Mutalisk x2  
  105  6:15  Mutalisk x2  
  113  6:24  Zergling x6  
  116  6:27  Hatchery  
  116  6:31  Zerg Melee Weapons Level 1, Zerg Ground Armor Level 1  
  115  6:34  Zergling x10  
  115  6:39  Zergling x10  
  125  6:50  Zergling x2  
  125  6:51  Zergling x6, Hatchery  
  128  6:59  Overlord  
  128  7:02  Overlord  
  128  7:04  Overlord x3  
  128  7:05  Overlord  
  128  7:17  Drone  
  128  7:20  Drone  
  124  7:32  Drone x7  
  124  7:33  Overseer  
  119  7:38  Drone x10  
  124  7:46  Overseer  
  124  7:47  Pneumatized Carapace  
  124  7:52  Drone x2  
  126  8:01  Drone  
  126  8:05  Mutalisk x9  
  145  8:13  Overseer, Baneling x2  
  145  8:17  Drone x4  
  149  8:21  Zerg Flyer Weapons Level 2  
  149  8:25  Drone  
  149  8:26  Baneling  
  150  8:27  Drone x2  
  150  8:31  Zergling x8  
  156  8:37  Hatchery  
  155  8:43  Zergling x18  
  155  8:44  Zergling x2  
  165  8:51  Drone x4  
  169  8:56  Overlord  
  169  8:58  Zergling x6  
  172  9:03  Hatchery  
  172  9:04  Zergling x8  
  172  9:06  Baneling x4  
  172  9:08  Zergling x4  
  177  9:16  Zerg Melee Weapons Level 2  
  177  9:17  Zerg Ground Armor Level 2, Infestation Pit  
  177  9:21  Drone x3  
  177  9:22  Drone  
  178  9:37  Mutalisk x6  
  190  9:42  Overlord  
  184  9:46  Overlord x2  
  184  9:49  Baneling x4  
  184  9:50  Baneling x3  
  184  9:52  Overlord  
  182  9:54  Baneling x4  
  182  9:55  Hive  
  182  9:58  Overseer  
  182  10:07  Zergling x2  
  177  10:12  Zergling x24  
  184  10:15  Zergling x12  
  184  10:18  Baneling  
  184  10:19  Baneling x2, Drone x3  
  184  10:20  Drone x3  
  196  10:26  Zergling x6  
  196  10:27  Spore Crawler  
  198  10:30  Overseer, Overlord  
  198  10:33  Zergling x2  
  198  10:35  Baneling x5  
  199  10:38  Zerg Flyer Armor Level 1  
  199  10:43  Zergling x2  
  199  10:46  Overlord  
  199  10:55  Hatchery  
  198  11:02  Burrow  
  190  11:05  Zergling x18  
  190  11:08  Hatchery  
  179  11:17  Zergling x28  
  163  11:23  Mutalisk x8  
  178  11:27  Mutalisk  
  178  11:31  Mutalisk  
  178  11:33  Drone x2  
  180  11:41  Zergling x10  
  180  11:46  Baneling x7  
  185  11:52  Zergling x14  
  185  11:53  Zergling x2  
  193  11:59  Zerg Melee Weapons Level 3  
  193  12:00  Zergling x2, Baneling  
  193  12:01  Baneling x2, Drone x2  
  194  12:02  Drone  
  197  12:11  Zergling x6  
  200  12:32  Zerg Flyer Weapons Level 3  
  200  12:36  Baneling x15  
  196  12:47  Zergling x16  
  196  12:48  Baneling x8  
  199  12:56  Zergling x14  
  199  13:00  Baneling  
  199  13:01  Baneling x6  
  199  13:02  Spore Crawler  
  199  13:03  Extractor  
  194  13:25  Zergling x18  
  194  13:26  Baneling x2  
  200  13:27  Zerg Ground Armor Level 3  
  199  13:41  Baneling x8  
  198  13:56  Baneling x13  
  198  14:06  Zergling x22  
  198  14:14  Zergling x26  
  190  14:20  Zergling x10  
  190  14:23  Zergling x6  
  190  14:24  Zergling x8  
  164  14:36  Mutalisk x6  
  164  14:37  Zergling x6  
  164  14:42  Zergling x4  
  164  14:43  Baneling x8  
  162  14:48  Zergling x2  
  162  14:50  Zergling x8  
  166  14:54  Zergling x6  
  166  14:55  Extractor  
  166  14:59  Zergling x2  
  168  15:05  Zergling x10  
  173  15:08  Zerg Flyer Armor Level 2  
  173  15:09  Baneling x7  
  168  15:16  Zergling x10  
  168  15:20  Zergling x10, Hatchery  
  177  15:22  Baneling x5  
  177  15:24  Queen x4  
  177  15:28  Zergling x4  
  186  15:32  Zergling x6  
  189  15:37  Zergling x8  
  189  15:38  Baneling x7  
  189  15:40  Hatchery  
  189  15:42  Zergling x4  
  193  15:48  Zergling x12  
  185  16:02  Zergling x12  
  180  16:09  Zergling x8  
  175  16:18  Zergling x6  
  175  16:19  Zergling x8  
  167  16:35  Mutalisk x6  
  170  16:40  Zergling x4, Adrenal Glands  
  170  16:41  Drone x4  
  170  16:45  Mutalisk x2  
  167  17:01  Hatchery  
  167  17:04  Mutalisk  
  161  17:15  Overseer  
  161  17:29  Hatchery  
  161  17:43  Hatchery  
  160  17:50  Mutalisk  
  160  17:51  Mutalisk  
  148  18:04  Mutalisk  
  127  18:07  Zergling x2  
  116  18:21  Zergling x4  
  116  18:25  Overseer  
  116  18:29  Baneling x2  
  116  18:30  Zergling x2  
  117  18:38  Zergling x2  
  118  18:42  Zergling x2  
  118  18:48  Zergling x2  
  113  19:03  Mutalisk x2  
  113  19:04  Mutalisk  
  113  19:09  Mutalisk  
  121  19:12  Mutalisk  
  121  19:15  Mutalisk  
  123  19:30  Zergling x14  
  102  20:11  Overseer  
  100  20:15  Baneling x14  
  99  20:38  Mutalisk x4  
  104  21:03  Overseer  
  101  21:23  Mutalisk x5  
  106  21:38  Zergling x12  
  112  21:51  Baneling x7  
  112  21:58  Zergling x10  
  113  22:10  Drone x9  
  91  22:43  Overseer  
  91  22:44  Baneling  
  91  22:45  Baneling x2  
  91  23:17  Hatchery  
  88  23:32  Zergling x4  
  88  23:33  Zergling x2  
  91  23:42  Zergling x4  
  89  23:55  Baneling x3  
  89  23:59  Extractor, Zergling x6  

Tags
 
Add a new tag
Caveats
  • Supply blocks, unpowered buildings, or Contaminate may cause inaccurate times.
  • Supply counts are checked every 10 seconds.